 Dungeon Crawl Stone Soup version 0.28.0-53-g5a82cb258f (webtiles) character file.

Game seed: 4871514665485834077

6 Descartes the Sneak (level 1, -2/7 HPs)
             Began as a Felid Wanderer on Aug 24, 2022.
             Slain by a quokka (4 damage)
             ... on level 1 of the Dungeon.
             The game lasted 00:00:42 (69 turns).

Descartes the Sneak (Felid Wanderer)                  Turns: 69, Time: 00:00:44

Health: -2/7       AC:  1    Str:  4    XL:     1   Next: 75%
Magic:  5/5        EV: 17    Int: 16    God:
Gold:   6          SH:  0    Dex: 16    Spells: 5/6 levels left
                                        Lives:  0   Deaths: 0

rFire   . . .      SeeInvis +   (weapon unavailable)
rCold   . . .      Faith    .   (shield unavailable)
rNeg    . . .      Spirit   .   (armour unavailable)
rPois   .          Reflect  .   (helmet unavailable)
rElec   .          Harm     .   (cloak unavailable)
rCorr   .          Rampage  .   (gloves unavailable)
Will    .....                   (boots unavailable)
Stlth   +++.......              (no amulet)
HPRegen 0.02/turn               (no ring)
MPRegen 0.09/turn               (no ring)

@: quick
A: very small, claws 1, fangs 3, see invisible, speed 1, shaggy fur 1, stealthy
paws, no weapons or thrown items, no armour, multi-lived
a: no special abilities


You were on level 1 of the Dungeon.
You visited 1 branch of the dungeon, and saw 1 of its levels.

You collected 6 gold pieces.

You aren't carrying anything.


   Skills:
 + Level 2.9 Dodging
 + Level 4.2 Stealth
 + Level 0.4 Unarmed Combat
 - Level 3.0 Spellcasting
 + Level 1.9 Hexes


You had 5 spell levels left.
You knew the following spells:

 Your Spells              Type           Power      Damage    Failure   Level
a - Slow                  Hex            32%        N/A       9%          1

Your spell library contained the following spells:

 Spells                   Type           Power      Damage    Failure   Level
 Foxfire                  Conj/Fire      8%         2x1d4     19%         1
 Poisonous Vapours        Pois/Air       4%         N/A       28%         2
 Scorch                   Fire           4%         2d5       28%         2
 Inner Flame              Hex/Fire       5%         N/A       36%         3
 Ozocubu's Armour         Ice            2%         N/A       50%         3


Dungeon Overview and Level Annotations

Branches:
Dungeon (1/15)

Altars:


Innate Abilities, Weirdness & Mutations

You have sharp claws.
You have razor-sharp teeth.
You have supernaturally acute eyesight. (SInv)
You cover ground quickly. (Speed+)
You are covered in fur. (AC +1)
Your paws help you pounce on unaware monsters.
You are incapable of wielding weapons or throwing items.
You cannot wear armour.
You gain extra lives every three experience levels.


Message History

No target in view!
No target in view!
No target in view!
No target in view!
No target in view!
No target in view!
No target in view!
No target in view!
No target in view!
HP restored.
A jackal comes into view.
A quokka comes into view.
The jackal barks!
A jackal comes into view.
Found 3 poisoned darts, 12 sling bullets and a yellow potion.
The jackal completely misses you.
The jackal barks!
You scratch the jackal.
The jackal is heavily wounded.
The jackal misses you.
You barely miss the jackal.
The jackal is heavily wounded.
The jackal completely misses you.
You scratch the jackal but do no damage.
Your bite misses the jackal.
You scratch the quokka but do no damage.
You bite the quokka.
The quokka is lightly wounded.
The jackal completely misses you. The quokka closely misses you.
The jackal bites you.
You miss the quokka.
The quokka is lightly wounded.
The jackal completely misses you. The quokka bites you.
You closely miss the quokka.
The quokka is lightly wounded.
The jackal bites you.
* * * LOW HITPOINT WARNING * * *
The quokka bites you.
Ouch! That really hurt!
You die...

#..... ##..... ......
#.... #.... #####....
#...( #......... ...
#.........
####r########.........
#...h@................
#......†..............
#.....................
####.####....._.......
... #.....†.......
...( #........####.
...... #....##### #.
....!. #....########.
#.## #.............


You could see a quokka and a jackal.

Vanquished Creatures
  A bat (D:1)
  An endoplasm (D:1)
  A giant cockroach (D:1)
  A kobold (D:1)
  2 rats (D:1)
6 creatures vanquished.

Notes
Turn   | Place    | Note
-------+----------+-------------------------------------------
     0 | D:1      | Descartes the Felid Wanderer began the quest for the Orb.
     0 | D:1      | Descartes set off with the following spells available to
                  | memorise: Slow, Foxfire, Poisonous Vapours, Scorch, Inner
                  | Flame, Ozocubu's Armour
     0 | D:1      | Reached XP level 1. HP: 7/7 MP: 5/5
     2 | D:1      | Learned a level 1 spell: Slow
    38 | D:1      | Found a faded altar of an unknown god.
    69 | D:1      | Slain by a quokka

Illustrated notes

Levels and vault maps discovered:
D:1:      beargit_arrival_greenhouse, layout_basic, serial_shops, shop, shop,
          ebering_ecumenical_altar_sacrificial, minmay_lizard_pond

Action                   || total
-------------------------++-------
Melee: Unarmed           ||    14
       Bite              ||     1
 Stab: Sleeping          ||     3
Armor: Skin              ||     1
Dodge: Dodged            ||     9
